Map: Frost LE

Players

IlIlIlIlIlIl - Winner!

  • Race: Zerg Zerg
  • League: Master

SortOf

  • Race: Zerg Zerg
  • League: Master

VOD

Have the link to the VOD?

Description

Time

  • Played on: Oct. 26, 2016, 4:50 a.m.
  • Length: 10:27
Show
View Real Time Build Order
Export as new Build Order

IlIlIlIlIlIl Zerg - Winner!

Build Orders: Hatch First 

Get SALT Encoding   

  12  0:01  Drone  
  13  0:13  Overlord  
  13  0:17  Drone  
  14  0:31  Drone x2  
  14  0:34  Drone  
  17  0:52  Unknown, Hatchery  
  17  0:56  Drone  
  17  0:58  Drone  
  17  1:00  Extractor  
  17  1:07  Drone  
  18  1:17  Spawning Pool  
  17  1:20  Drone  
  18  1:28  Drone  
  19  1:43  Overlord  
  19  2:03  Metabolic Boost  
  19  2:04  Unknown  
  19  2:05  Queen x2, Zergling x4  
  25  2:08  Drone  
  25  2:11  Drone  
  28  2:15  Drone  
  28  2:22  Drone  
  29  2:29  Drone  
  30  2:40  Drone  
  30  2:41  Unknown, Hatchery  
  30  2:45  Drone  
  30  2:53  Drone x2  
  30  2:56  Baneling Nest  
  31  3:02  Overlord  
  31  3:09  Zergling x6  
  34  3:15  Zergling x2  
  34  3:16  Overlord  
  35  3:23  Evolution Chamber  
  35  3:24  Lair  
  35  3:26  Drone  
  36  3:31  Drone x4  
  40  3:39  Roach Warren  
  40  3:40  Drone  
  40  3:46  Drone x2  
  42  3:52  Unknown  
  42  3:57  Queen, Drone  
  45  4:03  Extractor, Drone x3  
  45  4:04  Extractor  
  45  4:05  Overlord  
  46  4:12  Drone x2  
  46  4:13  Drone  
  49  4:18  Zerg Missile Weapons Level 1  
  49  4:22  Glial Reconstitution  
  49  4:26  Drone x3  
  49  4:27  Roach  
  49  4:31  Roach  
  56  4:37  Roach x2  
  60  4:44  Roach x2  
  63  4:46  Overlord  
  63  4:48  Roach  
  65  4:57  Overlord x2  
  65  5:08  Roach x3  
  65  5:09  Roach, Overlord  
  65  5:12  Overlord  
  73  5:29  Overseer  
  73  5:36  Drone x2  
  73  5:37  Drone x8  
  73  5:38  Drone  
  73  5:39  Roach x2  
  73  5:41  Ravager x2  
  90  5:48  Roach x2  
  94  5:53  Spine Crawler  
  94  5:56  Roach x2  
  97  6:07  Overlord x3  
  97  6:08  Overlord x2  
  91  6:17  Zerg Missile Weapons Level 2  
  89  6:24  Roach  
  81  6:33  Roach  
  81  6:34  Roach x3  
  81  6:38  Roach x3  
  81  6:39  Roach x4  
  101  6:44  Roach x2  
  81  7:15  Roach  
  81  7:16  Roach x7  
  85  7:33  Ravager  
  85  7:34  Roach x5  
  85  7:37  Queen  
  98  7:44  Overlord  
  98  7:45  Roach  
  98  7:46  Queen  
  98  7:49  Spine Crawler  
  98  7:50  Spine Crawler  
  89  8:09  Roach x3  
  89  8:10  Roach x6  
  94  8:20  Queen, Drone x2  
  98  8:28  Roach x4  
  106  8:46  Ravager  
  106  8:48  Roach x4  
  111  8:49  Overlord x2  
  111  8:50  Drone x3  
  114  9:01  Roach  
  112  9:12  Drone x6  
  112  9:13  Drone x5  
  115  9:26  Roach x3  
  115  9:27  Roach  
  122  9:36  Roach  
  122  9:37  Roach  
  122  9:43  Overlord x2  
  122  9:44  Overlord  
  109  9:57  Ravager x2  
  109  9:58  Roach  
  109  9:59  Roach x4  
  121  10:00  Drone  
  121  10:01  Drone x2  
Show
View Real Time Build Order
Export as new Build Order

SortOf Zerg 

Build Orders: Hatch First 

Get SALT Encoding   

  12  0:02  Drone  
  13  0:13  Overlord  
  13  0:18  Drone  
  14  0:32  Drone x2  
  16  0:37  Drone  
  17  0:53  Unknown, Hatchery  
  17  0:56  Drone  
  17  1:00  Drone  
  18  1:10  Extractor  
  17  1:17  Spawning Pool  
  17  1:18  Drone  
  17  1:21  Drone  
  18  1:29  Drone  
  19  1:40  Overlord  
  19  1:50  Drone  
  20  2:04  Queen, Unknown, Zergling x2  
  20  2:05  Queen, Zergling x2  
  26  2:15  Drone  
  27  2:16  Drone  
  28  2:24  Drone  
  28  2:26  Drone  
  30  2:39  Drone x2  
  32  2:49  Overlord  
  30  2:52  Queen  
  30  2:56  Evolution Chamber  
  31  2:59  Drone x3, Roach Warren  
  33  3:07  Overlord  
  33  3:08  Spine Crawler  
  33  3:12  Drone  
  33  3:19  Drone  
  34  3:21  Drone  
  34  3:22  Drone x2  
  34  3:23  Zerg Ground Armor Level 1  
  34  3:24  Drone  
  34  3:26  Drone  
  39  3:28  Drone  
  39  3:34  Drone x2  
  42  3:39  Overlord  
  42  3:43  Roach  
  42  3:47  Roach  
  46  3:49  Overlord  
  46  3:51  Extractor  
  46  3:52  Extractor, Roach  
  46  3:54  Roach  
  48  3:58  Drone x2  
  48  3:59  Drone  
  51  4:03  Drone  
  51  4:06  Drone  
  53  4:14  Roach  
  55  4:18  Drone  
  55  4:22  Drone x2  
  58  4:26  Overlord  
  58  4:29  Roach, Unknown, Hatchery  
  59  4:34  Overlord  
  59  4:36  Roach  
  59  4:37  Roach  
  63  4:44  Overlord  
  63  4:47  Roach, Zergling x2  
  63  4:48  Zergling x2  
  67  4:56  Zergling x8  
  67  4:57  Zergling x4  
  73  5:00  Overlord  
  73  5:08  Zergling x2  
  73  5:11  Ravager x3  
  73  5:12  Ravager x2  
  79  5:16  Zergling x4  
  81  5:23  Zergling x2  
  81  5:26  Zergling x2  
  83  5:29  Ravager x2  
  83  5:30  Overlord  
  83  5:32  Zergling x10  
  90  5:40  Unknown  
  90  5:43  Zergling x6  
  90  5:46  Ravager x2  
  90  5:48  Roach, Zergling x2  
  98  5:59  Zergling x6  
  98  6:01  Metabolic Boost  
  96  6:05  Zergling x14  
  96  6:08  Queen  
  100  6:17  Roach x3  
  100  6:20  Zergling x6  
  94  6:33  Zergling x2  
  94  6:34  Zergling x4  
  94  6:38  Roach x4  
  94  6:39  Ravager  
  105  6:41  Ravager, Overlord  
  105  6:45  Overlord  
  100  6:56  Zergling x10  
  102  7:05  Zergling x2  
  96  7:14  Zergling x16  
  92  7:21  Zergling x8  
  91  7:23  Ravager  
  91  7:24  Ravager x2  
  91  7:26  Zergling x2  
  91  7:28  Ravager x2  
  88  7:34  Roach x2  
  91  7:40  Zergling x6  
  94  7:47  Zergling x2  
  94  7:48  Zergling x4  
  93  8:01  Zergling x12  
  93  8:02  Zergling x4  
  99  8:10  Zergling x4  
  88  8:19  Ravager x2  
  87  8:20  Zergling x2  
  87  8:21  Roach x3, Zergling x2  
  87  8:26  Zergling x4  
  97  8:31  Unknown x3  
  95  8:39  Zergling x2  
  95  8:40  Zergling x8  
  98  8:44  Zergling x2  
  98  8:46  Ravager x3  
  100  8:49  Roach  
  100  8:54  Zergling x4  
  100  9:06  Roach x3  
  102  9:10  Zergling x8  
  102  9:16  Zergling x2  
  102  9:17  Zergling x4  
  104  9:26  Zergling x10  
  107  9:36  Zergling x2  
  107  9:37  Zergling x8  
  104  9:42  Ravager x4  
  108  9:50  Zergling x2  
  76  9:58  Zergling x16  
  77  10:07  Zergling x8  
Tags
 
Add a new tag
Caveats
  • Supply blocks, unpowered buildings, or Contaminate may cause inaccurate times.
  • Supply counts are checked every 10 seconds.